Map: Pillars of Gold LE

Players

МирнаяУтка

  • Race: Zerg Zerg
  • League: Master

KRrum

  • Race: Zerg Zerg
  • League: Platinum

DemonWolf

  • Race: Zerg Zerg
  • League: Platinum

Byrd

  • Race: Zerg Zerg
  • League: Silver

VOD

Have the link to the VOD?

Description

Time

  • Played on: Sept. 28, 2021, 11:36 a.m.
  • Length: 11:34
Show
View Real Time Build Order
Export as new Build Order

МирнаяУтка Zerg 

Build Orders:  

Get SALT Encoding   

Show
View Real Time Build Order
Export as new Build Order

KRrum Zerg 

Build Orders:  

Get SALT Encoding   

Show
View Real Time Build Order
Export as new Build Order

DemonWolf Zerg 

Build Orders: Hatch First 

Get SALT Encoding   

  12  0:01  Drone  
  13  0:11  Drone  
  14  0:15  Extractor  
  14  0:17  Extractor  
  14  0:18  Drone  
  13  0:23  Drone  
  16  0:45  Hatchery  
  15  0:50  Extractor  
  14  1:02  Spawning Pool  
  13  1:04  Drone  
  13  1:10  Extractor  
  14  1:11  Drone  
  14  1:18  Overlord  
  15  1:49  Zergling x2  
  15  1:50  Zergling x4  
  18  1:55  Queen  
  18  2:00  Zergling x2  
  21  2:06  Zergling x2, Metabolic Boost  
  22  2:12  Zergling x2  
  23  2:21  Zergling x2  
  24  2:31  Zergling x6  
  24  2:36  Overlord  
  27  2:46  Baneling Nest  
  27  2:49  Zergling x2  
  27  2:50  Zergling x2  
  26  2:59  Zergling x4  
  28  3:06  Zergling x4  
  28  3:11  Zergling x2  
  31  3:24  Zergling x2  
  31  3:25  Zergling x4  
  33  3:32  Baneling x4  
  33  3:36  Zergling x2  
  34  3:45  Overlord  
  30  4:18  Baneling x2  
  30  4:20  Zergling x4  
  30  4:21  Zergling x12  
  36  4:51  Queen  
  31  4:53  Drone x2  
  31  4:56  Drone x3  
  31  4:58  Zergling x2  
  31  5:09  Zergling x2  
  31  5:10  Zergling x2  
  27  5:15  Baneling  
  27  5:16  Baneling  
  27  5:17  Zergling x2  
  28  5:24  Zergling x6  
  28  5:28  Zergling x2  
  32  5:35  Zergling x4  
  33  5:53  Roach Warren  
  32  5:58  Extractor  
  32  6:02  Extractor  
  30  6:11  Queen  
  30  6:15  Zergling x10  
  35  6:49  Roach x3  
  35  6:50  Roach  
  42  7:12  Overlord  
  42  7:16  Overlord  
  42  7:31  Roach  
  42  7:32  Roach x2  
  42  7:34  Roach  
  50  7:45  Roach  
  50  7:46  Roach  
  54  7:57  Roach x2  
  57  8:07  Overlord  
  56  8:22  Roach x2  
  56  8:23  Overlord  
  60  8:34  Roach x2  
  60  8:35  Roach  
  66  8:52  Roach x2  
  67  9:19  Roach  
  67  9:20  Roach  
  67  9:22  Drone x5  
  55  9:42  Queen  
  53  9:52  Roach x3  
  44  10:55  Queen  
  44  10:56  Queen  
  48  10:58  Roach x7  
Show
View Real Time Build Order
Export as new Build Order

Byrd Zerg 

Build Orders: Hatch First, Muta Ling Bane, Zergling Baneling 

Get SALT Encoding   

  12  0:00  Drone  
  13  0:12  Overlord  
  13  0:18  Drone  
  14  0:30  Drone  
  14  0:32  Drone  
  14  0:34  Drone  
  17  0:55  Hatchery  
  16  1:01  Drone  
  16  1:03  Extractor  
  16  1:05  Drone  
  17  1:19  Spawning Pool  
  17  1:22  Drone  
  17  1:25  Drone  
  17  1:31  Drone  
  19  1:39  Overlord  
  19  1:52  Drone  
  20  2:05  Queen  
  20  2:07  Queen  
  24  2:08  Zergling x2  
  24  2:10  Zergling x2  
  26  2:16  Metabolic Boost  
  26  2:20  Drone  
  27  2:24  Drone  
  27  2:27  Zergling x2  
  29  2:30  Zergling x2  
  29  2:33  Zergling x2  
  31  2:40  Zergling x2  
  32  2:49  Baneling Nest  
  32  2:50  Extractor  
  32  2:51  Drone x2  
  32  2:56  Zergling x2  
  32  3:02  Zergling x2  
  33  3:06  Lair  
  33  3:12  Drone x2  
  35  3:16  Drone  
  36  3:32  Baneling x2  
  36  3:34  Baneling x3  
  36  3:36  Overlord x2  
  32  3:57  Zergling x2  
  32  3:58  Zergling x14  
  32  4:00  Drone  
  41  4:03  Extractor  
  40  4:17  Queen  
  39  4:20  Roach Warren  
  39  4:21  Baneling x2  
  40  4:31  Centrifical Hooks  
  40  4:34  Zergling x2  
  40  4:35  Baneling  
  40  4:39  Zergling x2  
  40  4:40  Zergling x2  
  40  4:43  Baneling  
  40  4:45  Zergling x2  
  42  4:50  Baneling x2  
  40  4:53  Zergling x2  
  40  4:55  Zergling x2  
  40  4:58  Zergling x2  
  40  4:59  Baneling  
  36  5:08  Roach x2  
  36  5:12  Roach  
  39  5:14  Zergling x2  
  39  5:18  Zergling x2  
  39  5:19  Baneling  
  41  5:21  Zergling x2  
  41  5:26  Baneling x3  
  42  5:30  Drone  
  43  5:39  Roach x2  
  47  5:49  Roach x2  
  51  5:53  Overlord  
  51  6:11  Drone  
  51  6:12  Drone x2  
  51  6:13  Drone, Overlord  
  51  6:14  Drone x2  
  57  6:20  Drone x2  
  57  6:24  Overlord  
  59  6:28  Glial Reconstitution  
  59  6:38  Drone x2  
  59  6:39  Drone x2  
  63  6:44  Drone x3  
  65  6:59  Hatchery  
  64  7:04  Drone x3  
  64  7:05  Overseer  
  67  7:09  Overseer  
  67  7:13  Spore Crawler  
  66  7:15  Spore Crawler  
  65  7:22  Spire  
  65  7:25  Drone x2  
  65  7:28  Drone x2  
  68  7:34  Extractor  
  68  7:35  Drone x3  
  70  7:49  Drone x5  
  75  8:11  Overlord x2  
  75  8:17  Queen  
  75  8:19  Zergling x6  
  77  8:20  Zergling x6  
  77  8:23  Roach  
  81  8:28  Baneling, Overlord  
  81  8:29  Baneling x5  
  81  8:32  Drone x3  
  81  8:33  Roach, Zergling x2  
  87  8:35  Zergling x4  
  87  8:38  Mutalisk  
  91  8:47  Mutalisk x2  
  91  8:48  Mutalisk  
  96  9:04  Mutalisk x4  
  103  9:16  Mutalisk  
  99  9:37  Mutalisk  
  100  9:42  Extractor x2  
  100  9:43  Overlord x3  
  100  9:44  Zergling x14  
  100  9:45  Zergling x2  
  106  9:46  Overlord x2  
  106  9:48  Overlord  
  106  10:02  Overlord x2  
  106  10:06  Mutalisk x3  
  108  10:10  Hatchery  
  111  10:15  Mutalisk  
  111  10:17  Drone  
  111  10:18  Drone x4  
  118  10:31  Drone x2  
  118  10:32  Drone x2  
  120  10:38  Drone x6  
  126  10:46  Queen  
  128  10:51  Mutalisk x3  
  128  10:54  Zergling x2  
  135  11:06  Evolution Chamber  
  135  11:08  Evolution Chamber  
  133  11:12  Infestation Pit  
  133  11:14  Drone x3  
Tags
 
Add a new tag
Caveats
  • Supply blocks, unpowered buildings, or Contaminate may cause inaccurate times.
  • Supply counts are checked every 10 seconds.